 Dungeon Crawl Stone Soup version 0.30.1-3-gfc49f6343a (webtiles) character file.

Game seed: 15148037601850459650

32 Nadlom the Trooper (level 3, -1/33 HPs)
             Began as a Draconian Fighter on July 27, 2023.
             Slain by Duvessa
             ... wielding a +0 rapier
              (5 damage)
             ... on level 4 of the Dungeon.
             The game lasted 00:02:48 (1147 turns).

Nadlom the Trooper (Draconian Fighter)              Turns: 1147, Time: 00:02:51

Health: -1/33      AC:  8    Str: 20    XL:     3   Next: 8%
Magic:  3/3        EV: 12    Int:  8    God:
Gold:   78         SH:  0    Dex: 10    Spells: 2/2 levels left

rFire   . .          .
                       - Unarmed
rCold   . . .        (no shield)
rNeg    . . .        (body armour unavailable)
rPois   .            (helmet restricted)
rElec   .            (no cloak)
rCorr   .            d - +2 pair of gloves
SInv    .            (no boots)
Will    .....        (no amulet)
Stlth   +            (no ring)
HPRegen 0.25/turn    (no ring)
MPRegen 0.08/turn

%: no passive effects
@: lit by a corona, glowing
A: AC +5, unfitting armour, cold-blooded
a: no special abilities


You were on level 4 of the Dungeon.
You visited 1 branch of the dungeon, and saw 3 of its levels.

You collected 78 gold pieces.

Inventory:

Armour
 a - a +0 buckler
 d - a +2 pair of gloves (worn)
Scrolls
 c - 2 scrolls of teleportation {unknown}
 f - a scroll of silence {unknown}
 h - a scroll of fear {unknown}
 i - a scroll of torment {unknown}
Potions
 b - a potion of might
 e - a potion of degeneration {unknown}
 g - a potion of lignification {unknown}


   Skills:
 + Level 3.7 Fighting
 + Level 3.0 Dodging
 + Level 3.3 Shields
 + Level 2.4 Unarmed Combat


You had 2 spell levels left.
You didn't know any spells.
Your spell library was empty.

Dungeon Overview and Level Annotations

Branches:
Dungeon (2/15)

Altars:
Ashenzari

Shops:
D:1 ![*[*

Annotations:
D:4 Dowan, Duvessa


Innate Abilities, Weirdness & Mutations

Your plain brown scales are hard. (AC +5)
You cannot fit into any form of body armour.
You are cold-blooded and may be slowed by cold attacks.


Message History

Dowan, Brother of Duvessa comes into view.
He is wielding a +0 dagger of holy wrath.
Dowan is nearby!
Duvessa, Sister of Dowan comes into view.
She is wielding a +0 rapier.
Found a scroll labelled UTTAUCWIAJ.
Duvessa shouts!
Dowan drinks a potion.
Dowan seems to grow stronger.
Dowan hits you but does no damage.
You hit Dowan but do no damage.
Dowan mumbles some strange words.
Dowan blinks!
Duvessa hits you but does no damage.
You hit Duvessa but do no damage. You hit Duvessa.
Duvessa is lightly wounded.
Duvessa hits you with a +0 rapier!
You barely miss Duvessa.
Your tail-slap misses Duvessa.
Duvessa is lightly wounded.
Dowan misses you. Duvessa hits you with a +0 rapier!
You barely miss Duvessa.
Your tail-slap misses Duvessa.
Duvessa is lightly wounded.
Duvessa barely misses you. Dowan gestures at you while chanting.
You are outlined in light.
You hit Duvessa.
Duvessa is lightly wounded.
Duvessa hits you but does no damage.
Dowan points at you and mumbles some strange words.
The puff of frost hits you.
You completely miss Duvessa.
Duvessa is lightly wounded.
Duvessa barely misses you.
Dowan casts a spell at Duvessa.
Duvessa seems to speed up.
You hit Duvessa but do no damage.
Duvessa is lightly wounded.
Duvessa hits you but does no damage.
Dowan hits you with a +0 dagger of holy wrath!
* * * LOW HITPOINT WARNING * * *
Duvessa hits you with a +0 rapier.
You die...

#.# #.#
#.#
#.#####.##
#........#
.........#
########.#
##.# #e@#
#e## #. #.
#? #. #.
..


You could see Duvessa (fast) and Dowan (strong).

Vanquished Creatures
  A dart slug (D:1)
  6 endoplasms
  A giant cockroach (D:1)
  A hobgoblin (D:1)
  2 jackals (D:1)
  2 kobolds
  2 quokkas
  2 ball pythons
  2 bats (D:1)
  2 frilled lizards (D:1)
  3 goblins
  3 rats (D:1)
27 creatures vanquished.

Notes
Turn   | Place    | Note
-------+----------+-------------------------------------------
     0 | D:1      | Nadlom the Draconian Fighter began the quest for the Orb.
     0 | D:1      | Reached XP level 1. HP: 19/19 MP: 1/1
   199 | D:1      | Found Liluy's General Store.
   245 | D:1      | Found Utuozod's Antique Armour Boutique.
   301 | D:1      | Reached XP level 2. HP: 24/26 MP: 2/2
   421 | D:1      | Found Guekanwa's Assorted Antiques.
   496 | D:1      | Found a faded altar of an unknown god.
   521 | D:1      | Found Dath's Armour Shop.
   936 | D:1      | Found Luclim's Distillery.
  1027 | D:2      | Reached XP level 3. HP: 28/33 MP: 3/3
  1060 | D:2      | You fall into a shaft and drop 2 floors!
  1075 | D:4      | Found a broken altar of Ashenzari.
  1135 | D:4      | Noticed Dowan
  1136 | D:4      | Noticed Duvessa
  1147 | D:4      | Slain by Duvessa

Illustrated notes

Levels and vault maps discovered:
D:1:      matt_arrival_grand_opening, layout_basic, serial_shops, shop,
          nicolae_shop_hallway_stairs, shop, nicolae_shop_just_a_little_nook,
          nicolae_shop_industrial_runoff, shapermc_ecumenical_altar_pompeii,
          nrook_uturn, minmay_pentomino_t2
D:2:      layout_basic, uniq_natasha
D:4:      layout_loops_ring, grunt_temple_overflow_champion_of_chaos,
          palyth_temple_overflow_mages, cheibrodos_ashenzari_chains,
          nicolae_uskayaw_en_pointe, mainiacjoe_overflow_alcove_1,
          minmay_temple_entry_glassed_door, corexii_corridor_pit,
          uniq_blork_the_orc, uniq_duvessa

Skill      XL: |  1  2 |
---------------+-------+-----
Dodging        | 3 |  3.0
Fighting       | |  3.7
Shields        | |  3.3
Unarmed Combat | |  2.4

Action                     || total
---------------------------++-------
  Melee: Unarmed           ||   114
         Tailslap          ||    11
 Armour: Skin              ||    51
  Dodge: Dodged            ||    68
